 Dungeon Crawl Stone Soup version 0.31.0-11-ge490571c62 (webtiles) character file.

Game seed: 14967932406629603160

1530 qw the Skirmisher (level 8, -9/40 HPs)
             Began as a Spriggan Hunter on Feb 4, 2024.
             Killed by divine providence
             ... invoked by an orc priest
              (14 damage)
             ... on level 6 of the Dungeon.
             The game lasted 00:00:17 (4069 turns).

qw the Skirmisher (Spriggan Hunter)                 Turns: 4069, Time: 00:00:18

Health: -9/40      AC:  3    Str:  7    XL:     8   Next: 55%
Magic:  9/9        EV: 24    Int: 10    God:
Gold:   344        SH:  0    Dex: 21    Spells: 7/7 levels left

rFire   . . .        a - +1 shortbow (heavy)
rCold   . . .        (shield currently unavailable)
rNeg    . . .        c - +0 robe
rPois   .            (helmet restricted)
rElec   .            i - +0 cloak
rCorr   .            (gloves unavailable)
SInv    +            (boots unavailable)
Will    +....        (no amulet)
Stlth   ++           (no ring)
HPRegen 0.26/turn    (no ring)
MPRegen 0.11/turn

%: no passive effects
@: about to teleport, very quick
A: very small, no large weapons, unfitting armour, see invisible, speed 3
a: no special abilities


You were on level 6 of the Dungeon.
You visited 1 branch of the dungeon, and saw 6 of its levels.

You collected 344 gold pieces.


Innate Abilities, Weirdness & Mutations

You are very small and have problems with some larger weapons.
You are too small for most types of armour.
You have supernaturally acute eyesight. (SInv)
You cover ground extremely quickly. (Speed+++)


   Skills:
 - Level 3.0 Fighting
 - Level 9.1 Ranged Weapons
 + Level 8.7 Dodging
 - Level 1.5 Stealth


You had 7 spell levels left.
You didn't know any spells.
Your spell library was empty.

Inventory:

Hand Weapons
 a - a +1 heavy shortbow (weapon)
Armour
 c - a +0 robe (worn)
 i - a +0 cloak (worn)
Jewellery
 e - a ring of ice
Wands
 b - a wand of iceblast (4)
Potions
 d - a potion of curing
 g - a potion of enlightenment
 h - 3 potions of resistance
 j - a potion of cancellation
 l - a potion of lignification {unknown}
 m - a potion of attraction {unknown}

Dungeon Overview and Level Annotations

Branches:
Dungeon (6/15)
 Temple: D:4-7

Altars:

Portals:
Abyss: D:6

Annotations:
D:4 2 transporters, qw's ghost, amateur SpHu
D:5 3 runed translucent doors, qw's ghost, novice DEHu
D:6 2 transporters, qw's ghost, novice DEHu


Message History

An orc wizard comes into view. It is wielding a +0 dagger.
The orc wizard shouts!
You shoot an arrow. The arrow hits the orc wizard.
The orc wizard is lightly wounded.
The orc wizard gestures wildly while chanting.
The orc wizard flickers and vanishes for a moment.
An orc comes into view. It is wielding a +0 trident.
An orc priest comes into view. It is wielding a +0 club.
You shoot an arrow. The orc shouts!
The orc priest shouts!
The arrow hits the orc wizard!
The orc wizard is severely wounded.
You shoot an arrow. The arrow barely misses the orc wizard.
The arrow closely misses the orc.
The orc priest invokes the aid of Beogh against you.
Beogh smites you!
You shoot an arrow. The arrow hits the orc wizard.
The orc wizard is severely wounded.
You shoot an arrow.
The arrow closely misses the orc wizard.
The arrow hits the orc.
The orc is severely wounded.
The orc priest looks encouraged for a moment.
You shoot an arrow. The arrow hits the orc wizard!
You kill the orc wizard!
The orc priest calls upon Beogh to heal the orc.
The orc's wounds heal themselves!
The orc completely misses you.
The orc priest mumbles some strange prayers to Beogh against you.
Beogh smites you!
You shoot an arrow. The arrow hits the orc!
You kill the orc!
You shoot an arrow. The arrow barely misses the orc priest.
The orc priest invokes the aid of Beogh against you.
Beogh smites you!
4069 ||| READING scroll of teleportation.
As you read the scroll of teleportation, it crumbles to dust.
You feel strangely unstable.
The orc priest mumbles some strange prayers to Beogh against you.
Beogh smites you!
You die...

######### ##...#...##
##.........##
#...........#
#...........# ####.
###...........##......
..............@)o...$.
.:..........#########.
....####.###########
...###...###........
...(.........#######
#...##..#.#############
#......##.# #.......#
#...#..##.# ##.#####.#
##...#.###.####..####..#


You could see an orc priest.

Vanquished Creatures
  Sigmund (D:3)
  Eustachio (D:4)
  A water moccasin (D:5)
  A black bear (D:5)
  A sky beast (D:6)
  A centaur (D:4)
  A phantom (D:6)
  3 scorpions
  A howler monkey (D:4)
  A bombardier beetle (D:3)
  A hound (D:5)
  2 jellies
  2 gnoll boudas
  2 iguanas
  3 orc wizards
  11 gnolls
  8 adders
  2 ufetubi (D:5)
  6 orcs
  7 ball pythons
  7 endoplasms
  3 giant cockroaches
  4 goblins
  6 hobgoblins
  3 jackals
  6 quokkas
  5 bats
  A frilled lizard (D:3)
  6 kobolds
  7 rats
104 creatures vanquished.

Notes
Turn   | Place    | Note
-------+----------+-------------------------------------------
     0 | D:1      | qw the Spriggan Hunter began the quest for the Orb.
     0 | D:1      | Reached XP level 1. HP: 10/10 MP: 2/2
     0 | D:1      | 0 ||| qw: Version: 0.3-a-160-g6735b56
     0 | D:1      | 0 ||| qw: Game counter: 4716
     0 | D:1      | 0 ||| qw: Melee chars always use a shield: true
     0 | D:1      | 0 ||| qw: God list: Okawaru
     0 | D:1      | 0 ||| qw: Allow faded altars: false
     0 | D:1      | 0 ||| qw: Do Orc after clearing Dungeon:15 true
     0 | D:1      | 0 ||| qw: Do second Lair branch before Depths: true
     0 | D:1      | 0 ||| qw: Lair rune preference: random
     0 | D:1      | 0 ||| qw: Goals: Normal
     0 | D:1      | 0 ||| PLANNING D:1-11
    27 | D:1      | Reached skill level 3 in Dodging
    97 | D:1      | Reached XP level 2. HP: 14/14 MP: 3/3
   116 | D:1      | You fall into a shaft and drop 1 floor!
   120 | D:2      | Found a faded altar of an unknown god.
   176 | D:2      | 176 ||| READING scroll labelled COS JUTIGAORU.
   181 | D:2      | 181 ||| READING scroll labelled CATHRU ZUVUWK.
   282 | D:2      | 282 ||| DROPPING scroll of butterflies.
   707 | D:1      | Reached XP level 3. HP: 18/18 MP: 4/4
  1045 | D:1      | 1045 ||| READING scroll labelled TOF LUAPTIWN.
  1045 | D:1      | 1045 ||| IDENTIFYING grey potion
  1046 | D:1      | 1046 ||| READING scroll labelled GOCIKO EGAONA.
  1046 | D:1      | 1046 ||| BRANDING +0 shortbow.
  1047 | D:1      | 1047 ||| DRINKING 2 fizzy brown potions.
  1533 | D:3      | Noticed Sigmund
  1541 | D:3      | Killed Sigmund
  1542 | D:3      | Reached skill level 6 in Ranged Weapons
  1542 | D:3      | Reached XP level 4. HP: 17/22 MP: 5/5
  1542 | D:3      | Reached XP level 5. HP: 20/25 MP: 6/6
  1981 | D:3      | Reached XP level 6. HP: 30/30 MP: 7/7
  2046 | D:3      | 2046 ||| UPGRADING to +0 cloak.
  2051 | D:3      | 2051 ||| READING 2 scrolls of identify.
  2051 | D:3      | 2051 ||| IDENTIFYING bubbling silvery potion
  2052 | D:3      | 2052 ||| READING scroll of identify.
  2052 | D:3      | 2052 ||| IDENTIFYING scroll labelled FOSE SIYLEEXUWN
  2053 | D:3      | 2053 ||| DROPPING scroll of noise.
  2098 | D:4      | Noticed Eustachio
  2118 | D:4      | Killed Eustachio
  2119 | D:4      | Reached skill level 6 in Dodging
  2210 | D:4      | 2210 ||| FLEEEEING.
  2210 | D:4      | HP: 2/30 [centaur/arrow (8)]
  2211 | D:4      | 2211 ||| DRINKING potion of heal wounds.
  2212 | D:4      | 2212 ||| FLEEEEING.
  2213 | D:4      | 2213 ||| FLEEEEING.
  2220 | D:4      | Reached skill level 7 in Ranged Weapons
  2220 | D:4      | Reached XP level 7. HP: 34/35 MP: 8/8
  2268 | D:4      | 2268 ||| FLEEEEING.
  2269 | D:4      | 2269 ||| FLEEEEING.
  2271 | D:4      | 2271 ||| FLEEEEING.
  2272 | D:4      | 2272 ||| FLEEEEING.
  2273 | D:4      | 2273 ||| FLEEEEING.
  2274 | D:4      | 2274 ||| FLEEEEING.
  2275 | D:4      | 2275 ||| FLEEEEING.
  2276 | D:4      | 2276 ||| FLEEEEING.
  2279 | D:4      | 2279 ||| FLEEEEING.
  2280 | D:4      | 2280 ||| FLEEEEING.
  2281 | D:4      | 2281 ||| FLEEEEING.
  2282 | D:4      | 2282 ||| FLEEEEING.
  2283 | D:4      | 2283 ||| FLEEEEING.
  2284 | D:4      | 2284 ||| FLEEEEING.
  2285 | D:4      | 2285 ||| FLEEEEING.
  2286 | D:4      | 2286 ||| FLEEEEING.
  2288 | D:4      | 2288 ||| FLEEEEING.
  2290 | D:4      | 2290 ||| FLEEEEING.
  2291 | D:4      | 2291 ||| FLEEEEING.
  2292 | D:4      | 2292 ||| STAIRDANCE
  2307 | D:3      | 2307 ||| DRINKING 2 amethyst potions.
  2308 | D:3      | 2308 ||| DROPPING potion of degeneration.
  2311 | D:4      | 2311 ||| STAIRDANCE
  2352 | D:4      | Found a transporter.
  2352 | D:4      | Found a transporter.
  2381 | D:4      | Identified the +8 trident of Domination {elec, rElec rC-
                  | Dex+5 Stlth+}
  2414 | D:4      | Noticed qw's ghost (amateur SpHu)
  2865 | D:4      | 2865 ||| READING scroll labelled IRGHA BIUWOI.
  2866 | D:4      | 2866 ||| READING scroll labelled DEREED TADI.
  2866 | D:4      | 2866 ||| ENCHANTING +0 shortbow of draining.
  2867 | D:4      | 2867 ||| READING scroll labelled UPNARIXIO.
  2900 | D:5      | Entered Level 5 of the Dungeon
  2906 | D:5      | Reached skill level 8 in Ranged Weapons
  2940 | D:5      | Reached skill level 3 in Fighting
  2955 | D:5      | Reached XP level 8. HP: 40/40 MP: 9/9
  3500 | D:5      | Identified the +7 dagger "Bung" {antimagic, Int+5}
  3576 | D:5      | Found a runed translucent gate.
  3576 | D:5      | Found a runed translucent gate.
  3576 | D:5      | Found a runed translucent gate.
  3577 | D:5      | Noticed qw's ghost (novice DEHu)
  3726 | D:5      | 3726 ||| READING scroll of identify.
  3726 | D:5      | 3726 ||| IDENTIFYING black potion
  3727 | D:5      | 3727 ||| DRINKING 2 golden potions.
  3800 | D:6      | Noticed a hell hog
  3805 | D:6      | Noticed qw's ghost (novice DEHu)
  3811 | D:6      | Found a one-way gate to the infinite horrors of the Abyss.
  3812 | D:6      | Found a transporter.
  3817 | D:6      | Found a transporter.
  3840 | D:6      | 3840 ||| FLEEEEING.
  3841 | D:6      | 3841 ||| FLEEEEING.
  3842 | D:6      | 3842 ||| FLEEEEING.
  3843 | D:6      | 3843 ||| FLEEEEING.
  3845 | D:6      | 3845 ||| FLEEEEING.
  3846 | D:6      | 3846 ||| FLEEEEING.
  3847 | D:6      | 3847 ||| FLEEEEING.
  3849 | D:6      | 3849 ||| STAIRDANCE
  3947 | D:6      | Reached skill level 9 in Ranged Weapons
  4053 | D:6      | 4053 ||| READING scroll of brand weapon.
  4053 | D:6      | 4053 ||| BRANDING +1 shortbow of draining.
  4068 | D:6      | HP: 5/40 [orc priest/divine providence (14)]
  4069 | D:6      | 4069 ||| READING scroll of teleportation.
  4069 | D:6      | Killed from afar by an orc priest

Levels and vault maps discovered:
D:1:      lemuel_arrival_broad_hall, layout_loops_corners, minmay_pentomino_v2
D:2:      layout_basic, basic_ecumenical_altar
D:3:      layout_loops_ring, kennysheep_generic_room_8, uniq_sigmund
D:4:      minmay_spotlight, layout_loops_ring, gammafunk_ghost_gnarly_gnolls,
          serial_bayou_lake_a, uniq_eustachio
D:5:      layout_basic, gammafunk_ghost_nasty_kobolds
D:6:      layout_rooms, temple_green, gammafunk_ghost_abyssal_escape

Skill      XL: |  1  2  3  4  5  6  7  8 |
---------------+-------------------------+-----
Dodging        | 3 4 5 6 7 8 |  8.7
Ranged Weapons | 6 7 8 9 |  9.1
Fighting       | 2 3 |  3.0
Stealth        | |  1.5

Action                     |  1- 3 |  4- 6 |  7- 9 || total
---------------------------+-------+-------+-------++-------
   Fire: Shortbow          |    93 |    67 |   174 ||   334
    Use: Scroll            |     4 |     2 |     6 ||    12
         Potion            |     1 |     1 |     2 ||     4
 Armour: Robe              |     5 |    10 |    17 ||    32
  Dodge: Dodged            |    20 |    44 |    82 ||   146

Table legend:
 A = Non-vault XP
 B = Vault XP
 C = Vault XP percentage of total XP
 D = Non-vault monster count
 E = Vault monster count
 F = Vault count percentage of total count
                 A         B        C        D         E       F
            +---------+---------+-------+---------+---------+-------
      Total |    1577 |     609 |  27.9 |      91 |      13 |  12.5
            +---------+---------+-------+---------+---------+-------
        D:1 |      40 |       3 |   7.0 |      23 |       2 |   8.0
        D:2 |      11 |       0 |   0.0 |       8 |       0 |   0.0
        D:3 |     124 |     240 |  65.9 |      17 |       3 |  15.0
        D:4 |     337 |     366 |  52.1 |      19 |       8 |  29.6
        D:5 |     677 |       0 |   0.0 |      16 |       0 |   0.0
        D:6 |     388 |       0 |   0.0 |       8 |       0 |   0.0
            +---------+---------+-------+---------+---------+-------
